[ AOE2 MATCH · #508131958 ]
UnrankedVikings vs Burmese
Player's team · LOSS
Rival team · WIN
[ REPLAY ANALYSIS · EXTRACTED FROM THE RECORDED GAME ]
Feudal
9:40
Castle
24:00
Imperial
—
| APM avg | 73.2 |
| APM peak | 106 |
| eAPM avg | 34.7 |
| Villagers / military | 91 / 42 |
Focus
⚔️ 46.8% · 🌾 53.2%
Unknown (2626) ×27 · Skirmisher ×26 · Berserk ×10 · Fishing Ship ×9 · Archer ×2 · Spearman ×2
Feudal
9:20
Castle
24:56
Imperial
—
| APM avg | 62.5 |
| APM peak | 93 |
| eAPM avg | 23.4 |
| Villagers / military | 75 / 58 |
Focus
⚔️ 38.3% · 🌾 61.7%
Fishing Ship ×17 · Arambai ×16 · Skirmisher ×11 · Archer ×8 · Unknown (2626) ×8 · Monk ×7
Match map
Initial resources + every placement click. Lines = walls · curves = elevation contours. ◆ gold · ⬟ stone · ● berries · ✦ relic · ◌ wall gap
Your base· Open — 4t gap
Gabi's base· Open — unwalled flank
Smoothed initial terrain · ◌ = detected wall gap · hover for details
Inputs per minute
— VENÓN | Miauricio - - Gabi
Build order — VENÓN | Miauricio
First 150 of 238 actions detected
| 0:00 | Create | Villager (Male) |
| 0:00 | Create | Villager (Male) |
| 0:01 | Create | Villager (Male) |
| 0:02 | Build | House |
| 0:02 | Build | House |
| 0:03 | Create | Villager (Male) |
| 1:14 | Create | Villager (Male) |
| 1:14 | Create | Villager (Male) |
| 1:24 | Build | Lumber Camp |
| 1:54 | Create | Villager (Male) |
| 2:08 | Create | Villager (Male) |
| 2:35 | Create | Villager (Male) |
| 3:01 | Create | Villager (Male) |
| 3:31 | Build | Dock |
| 3:36 | Create | Villager (Male) |
| 3:59 | Create | Villager (Male) |
| 4:01 | Build | House |
| 4:15 | Create | Fishing Ship |
| 4:29 | Build | House |
| 4:33 | Create | Villager (Male) |
| 4:47 | Create | Villager (Male) |
| 4:59 | Create | Villager (Male) |
| 5:07 | Create | Fishing Ship |
| 5:11 | Create | Villager (Male) |
| 5:24 | Create | Villager (Male) |
| 5:41 | Build | Palisade Wall |
| 5:45 | Build | Palisade Wall |
| 5:51 | Create | Villager (Male) |
| 5:54 | Create | Fishing Ship |
| 5:58 | Create | Villager (Male) |
| 6:01 | Research | Loom |
| 6:26 | Build | House |
| 6:28 | Build | Palisade Wall |
| 7:07 | Create | Fishing Ship |
| 7:20 | Create | Villager (Male) |
| 7:21 | Research | Feudal Age |
| 7:22 | Research | Feudal Age |
| 8:11 | Build | Lumber Camp |
| 8:17 | Build | Palisade Wall |
| 8:18 | Build | Palisade Wall |
| 8:21 | Build | House |
| 8:37 | Build | Mining Camp |
| 8:44 | Build | Palisade Wall |
| 8:52 | Create | Fishing Ship |
| 9:21 | Build | Palisade Wall |
| 9:22 | Build | Palisade Wall |
| 9:23 | Build | Palisade Wall |
| 9:23 | Build | Palisade Wall |
| 9:35 | Build | Dock |
| 9:37 | Build | Palisade Wall |
| 9:37 | Build | Palisade Wall |
| 9:38 | Build | Palisade Wall |
| 9:40 | Age | Feudal Age |
| 9:45 | Build | House |
| 9:45 | Create | Villager (Male) |
| 9:52 | Build | Barracks |
| 9:52 | Create | Villager (Male) |
| 10:04 | Research | Double-Bit Axe |
| 10:11 | Create | Villager (Male) |
| 10:29 | Create | Villager (Male) |
| 10:44 | Build | Archery Range |
| 10:49 | Build | Palisade Wall |
| 10:50 | Build | Palisade Wall |
| 10:56 | Build | Palisade Wall |
| 10:56 | Build | Palisade Wall |
| 10:59 | Create | Villager (Male) |
| 11:21 | Build | House |
| 11:24 | Create | Archer |
| 11:28 | Create | Unit 2626 ×3 |
| 11:29 | Create | Villager (Male) |
| 12:05 | Build | Blacksmith |
| 12:15 | Create | Villager (Male) |
| 12:20 | Build | House |
| 12:37 | Build | House |
| 12:41 | Create | Villager (Male) |
| 12:42 | Create | Villager (Male) |
| 12:45 | Create | Skirmisher ×2 |
| 12:47 | Build | House |
| 13:07 | Create | Unit 2626 |
| 13:08 | Create | Villager (Male) |
| 13:22 | Create | Villager (Male) |
| 13:25 | Create | Villager (Male) |
| 13:47 | Research | Fletching |
| 13:48 | Create | Villager (Male) |
| 13:52 | Create | Villager (Male) |
| 14:01 | Build | House |
| 14:02 | Create | Villager (Male) |
| 14:13 | Create | Skirmisher |
| 14:22 | Create | Villager (Male) |
| 14:23 | Create | Villager (Male) |
| 14:36 | Build | Watch Tower |
| 14:40 | Create | Skirmisher |
| 15:20 | Create | Villager (Male) |
| 15:20 | Create | Villager (Male) |
| 15:23 | Build | Mining Camp |
| 15:32 | Build | Lumber Camp |
| 15:33 | Create | Villager (Male) |
| 15:34 | Build | Watch Tower |
| 15:39 | Create | Skirmisher ×2 |
| 15:41 | Create | Fishing Ship |
| 15:42 | Create | Villager (Male) |
| 16:02 | Create | Skirmisher ×2 |
| 16:07 | Build | Mill |
| 16:22 | Create | Archer |
| 16:48 | Create | Villager (Male) |
| 17:11 | Create | Villager (Male) |
| 17:11 | Create | Villager (Male) |
| 17:27 | Create | Villager (Male) |
| 17:28 | Build | Mining Camp |
| 17:29 | Create | Villager (Male) |
| 17:35 | Create | Unit 2626 |
| 17:36 | Create | Unit 2626 |
| 17:39 | Create | Skirmisher |
| 17:43 | Build | Lumber Camp |
| 18:16 | Create | Villager (Male) |
| 18:16 | Create | Villager (Male) |
| 18:18 | Create | Unit 2626 ×4 |
| 18:25 | Create | Villager (Male) |
| 18:29 | Build | House |
| 18:37 | Create | Villager (Male) |
| 18:46 | Create | Villager (Male) |
| 19:00 | Create | Fishing Ship |
| 19:02 | Create | Skirmisher ×3 |
| 19:05 | Create | Unit 2626 ×4 |
| 19:06 | Create | Villager (Male) |
| 19:15 | Build | Dock |
| 19:19 | Build | Palisade Wall |
| 19:19 | Build | Palisade Wall |
| 19:22 | Create | Villager (Male) |
| 19:26 | Build | Watch Tower |
| 19:43 | Build | House |
| 19:48 | Build | Mining Camp |
| 19:52 | Create | Villager (Male) |
| 19:52 | Create | Villager (Male) |
| 19:53 | Build | House |
| 19:58 | Build | Market |
| 19:58 | Create | Villager (Male) |
| 20:02 | Create | Villager (Male) |
| 20:14 | Create | Villager (Male) |
| 20:17 | Create | Unit 2626 ×2 |
| 20:23 | Build | House |
| 20:40 | Create | Villager (Male) |
| 20:42 | Build | Mining Camp |
| 20:44 | Create | Villager (Male) |
| 20:46 | Create | Unit 2626 |
| 20:47 | Create | Villager (Male) |
| 20:57 | Create | Villager (Male) |
| 21:06 | Create | Unit 2626 |
| 21:20 | Research | Castle Age |
| 21:59 | Create | Spearman |
Build order — Gabi
First 150 of 258 actions detected
| 0:01 | Create | Villager (Male) |
| 0:01 | Create | Villager (Male) |
| 0:02 | Build | House |
| 0:03 | Build | House |
| 0:25 | Create | Villager (Male) |
| 0:45 | Create | Villager (Male) |
| 1:25 | Create | Villager (Male) |
| 1:25 | Create | Villager (Male) |
| 1:46 | Build | Lumber Camp |
| 1:55 | Create | Villager (Male) |
| 2:20 | Create | Villager (Male) |
| 2:41 | Create | Villager (Male) |
| 3:15 | Create | Villager (Male) |
| 3:31 | Build | House |
| 3:34 | Create | Villager (Male) |
| 4:01 | Create | Villager (Male) |
| 4:01 | Create | Villager (Male) |
| 4:09 | Build | Dock |
| 4:12 | Build | Palisade Wall |
| 4:13 | Build | Palisade Wall |
| 4:20 | Create | Villager (Male) |
| 4:52 | Create | Villager (Male) |
| 4:54 | Create | Fishing Ship |
| 4:54 | Create | Fishing Ship |
| 5:07 | Build | House |
| 5:22 | Create | Villager (Male) |
| 5:40 | Create | Fishing Ship |
| 6:10 | Create | Fishing Ship |
| 6:13 | Create | Villager (Male) |
| 6:36 | Research | Loom |
| 7:10 | Research | Feudal Age |
| 7:28 | Build | Barracks |
| 7:35 | Build | House |
| 8:08 | Build | Mining Camp |
| 8:09 | Create | Militia |
| 8:31 | Create | Militia |
| 8:44 | Create | Militia |
| 8:47 | Build | House |
| 8:52 | Build | Palisade Wall |
| 9:04 | Create | Fishing Ship |
| 9:18 | Build | Outpost |
| 9:20 | Age | Feudal Age |
| 9:23 | Research | Man-at-Arms (upgrade) |
| 9:24 | Create | Villager (Male) |
| 9:42 | Build | Outpost |
| 9:46 | Create | Villager (Male) |
| 10:09 | Build | Archery Range |
| 10:21 | Build | Watch Tower |
| 10:22 | Create | Villager (Male) |
| 10:29 | Create | Villager (Male) |
| 11:02 | Create | Archer |
| 11:07 | Create | Villager (Male) |
| 11:15 | Create | Villager (Male) |
| 11:17 | Create | Unit 2626 |
| 11:18 | Create | Unit 2626 |
| 11:50 | Create | Archer |
| 11:53 | Build | House |
| 12:00 | Build | Palisade Wall |
| 12:09 | Create | Villager (Male) |
| 12:12 | Build | Blacksmith |
| 12:13 | Create | Unit 2626 |
| 12:19 | Build | Palisade Wall |
| 12:20 | Build | Palisade Wall |
| 12:23 | Build | House |
| 12:33 | Create | Skirmisher |
| 12:38 | Create | Villager (Male) |
| 12:57 | Create | Villager (Male) |
| 13:00 | Build | Mining Camp |
| 13:03 | Research | Fletching |
| 13:05 | Build | House |
| 13:14 | Create | Skirmisher |
| 13:16 | Create | Villager (Male) |
| 13:45 | Create | Unit 2626 |
| 14:03 | Create | Villager (Male) |
| 14:09 | Create | Skirmisher |
| 14:24 | Create | Skirmisher |
| 14:27 | Build | House |
| 14:29 | Build | House |
| 15:00 | Create | Skirmisher |
| 15:34 | Build | Mill |
| 15:34 | Create | Villager (Male) |
| 15:35 | Create | Villager (Male) |
| 15:37 | Create | Fishing Ship |
| 15:40 | Build | Dock |
| 15:49 | Create | Skirmisher |
| 15:54 | Build | House |
| 16:05 | Build | Watch Tower |
| 16:07 | Create | Villager (Male) |
| 16:11 | Build | Dock |
| 16:15 | Create | Skirmisher |
| 16:17 | Build | House |
| 16:22 | Create | Fishing Ship |
| 16:22 | Create | Fishing Ship |
| 16:24 | Build | House |
| 16:32 | Create | Archer |
| 16:50 | Create | Villager (Male) |
| 17:02 | Create | Villager (Male) |
| 17:03 | Create | Skirmisher |
| 17:12 | Create | Skirmisher |
| 17:14 | Build | Stone Wall |
| 17:15 | Build | Stone Wall |
| 17:16 | Build | Stone Wall |
| 17:32 | Create | Fishing Ship |
| 17:42 | Create | Villager (Male) |
| 17:47 | Build | Market |
| 17:58 | Create | Skirmisher |
| 18:05 | Create | Villager (Male) |
| 18:06 | Create | Fishing Ship |
| 18:08 | Build | House |
| 18:11 | Create | Fishing Ship |
| 18:35 | Create | Villager (Male) |
| 18:36 | Create | Villager (Male) |
| 18:37 | Build | Lumber Camp |
| 18:40 | Build | House |
| 18:49 | Build | Watch Tower |
| 18:51 | Create | Skirmisher |
| 18:52 | Create | Villager (Male) |
| 18:59 | Build | Mining Camp |
| 19:10 | Create | Galley |
| 19:20 | Create | Archer |
| 19:22 | Create | Villager (Male) |
| 19:36 | Build | Dock |
| 19:56 | Create | Archer |
| 19:58 | Create | Villager (Male) |
| 20:04 | Build | Stone Wall |
| 20:04 | Build | Stone Wall |
| 20:05 | Build | Stone Wall |
| 20:05 | Build | Stone Wall |
| 20:06 | Build | Stone Wall |
| 20:07 | Build | Stone Wall |
| 20:07 | Build | Stone Wall |
| 20:08 | Build | Stone Wall |
| 20:12 | Create | Fishing Ship |
| 20:15 | Create | Villager (Male) |
| 20:26 | Build | Stable |
| 20:53 | Build | Stable |
| 20:55 | Build | Watch Tower |
| 21:00 | Create | Archer |
| 21:01 | Create | Villager (Male) |
| 21:05 | Build | Outpost |
| 21:12 | Create | Unit 2626 |
| 21:19 | Create | Villager (Male) |
| 21:57 | Create | Unit 2626 |
| 22:16 | Research | Castle Age |
| 22:19 | Build | Watch Tower |
| 22:23 | Create | Unit 2626 |
| 22:24 | Build | House |
| 22:35 | Build | Watch Tower |
| 22:38 | Build | Watch Tower |
| 23:02 | Create | Archer |
Match timeline
| 3:31 | VENÓN | Miauricio · first_building Dock |
| 4:09 | Gabi · first_building Dock |
| 4:12 | Gabi · wall_segment Palisade Wall x1 |
| 4:13 | Gabi · wall_segment Palisade Wall x1 |
| 5:41 | VENÓN | Miauricio · wall_segment Palisade Wall x1 |
| 5:45 | VENÓN | Miauricio · wall_segment Palisade Wall x1 |
| 6:28 | VENÓN | Miauricio · wall_segment Palisade Wall x1 |
| 7:28 | Gabi · first_building Barracks |
| 8:17 | VENÓN | Miauricio · wall_segment Palisade Wall x6 |
| 8:18 | VENÓN | Miauricio · wall_segment Palisade Wall x2 |
| 8:44 | VENÓN | Miauricio · wall_segment Palisade Wall x1 |
| 8:52 | Gabi · wall_segment Palisade Wall x1 |
| 9:20 | Gabi · age_up feudal |
| 9:21 | VENÓN | Miauricio · wall_segment Palisade Wall x1 |
| 9:22 | VENÓN | Miauricio · wall_segment Palisade Wall x1 |
| 9:23 | VENÓN | Miauricio · wall_segment Palisade Wall x1 |
| 9:23 | VENÓN | Miauricio · wall_segment Palisade Wall x1 |
| 9:37 | VENÓN | Miauricio · wall_segment Palisade Wall x1 |
| 9:37 | VENÓN | Miauricio · wall_segment Palisade Wall x2 |
| 9:38 | VENÓN | Miauricio · wall_segment Palisade Wall x1 |
| 9:40 | VENÓN | Miauricio · age_up feudal |
| 9:52 | VENÓN | Miauricio · first_building Barracks |
| 10:09 | Gabi · first_building Archery Range |
| 10:44 | VENÓN | Miauricio · first_building Archery Range |
| 10:49 | VENÓN | Miauricio · wall_segment Palisade Wall x1 |
| 10:50 | VENÓN | Miauricio · wall_segment Palisade Wall x1 |
| 10:56 | VENÓN | Miauricio · wall_segment Palisade Wall x1 |
| 10:56 | VENÓN | Miauricio · wall_segment Palisade Wall x1 |
| 12:00 | Gabi · wall_segment Palisade Wall x1 |
| 12:19 | Gabi · wall_segment Palisade Wall x1 |
| 12:20 | Gabi · wall_segment Palisade Wall x1 |
| 17:14 | Gabi · wall_segment Stone Wall x1 |
| 17:15 | Gabi · wall_segment Stone Wall x1 |
| 17:16 | Gabi · wall_segment Stone Wall x1 |
| 18:45 | Gabi · first_market_buy 100 stone |
| 19:19 | VENÓN | Miauricio · wall_segment Palisade Wall x1 |
| 19:19 | VENÓN | Miauricio · wall_segment Palisade Wall x1 |
| 20:04 | Gabi · wall_segment Stone Wall x1 |
| 20:04 | Gabi · wall_segment Stone Wall x1 |
| 20:05 | Gabi · wall_segment Stone Wall x1 |
| 20:05 | Gabi · wall_segment Stone Wall x1 |
| 20:06 | Gabi · wall_segment Stone Wall x1 |
| 20:07 | Gabi · wall_segment Stone Wall x1 |
| 20:07 | Gabi · wall_segment Stone Wall x1 |
| 20:08 | Gabi · wall_segment Stone Wall x1 |
| 20:26 | Gabi · first_building Stable |
| 21:13 | VENÓN | Miauricio · first_market_sell 500 wood |
| 21:15 | VENÓN | Miauricio · first_market_buy 100 food |
| 22:14 | Gabi · first_market_sell 100 wood |
| 23:10 | Gabi · wall_segment Stone Wall x1 |
| 24:00 | VENÓN | Miauricio · age_up castle |
| 24:29 | VENÓN | Miauricio · first_building Castle |
| 24:56 | Gabi · age_up castle |
| 25:47 | Gabi · first_building Siege Workshop |
| 26:28 | Gabi · first_building Castle |
| 27:48 | VENÓN | Miauricio · first_building Siege Workshop |
| 28:12 | Gabi · first_building Monastery |
| 34:22 | VENÓN | Miauricio · wall_segment Stone Wall x1 |
| 35:14 | VENÓN | Miauricio · wall_segment Stone Wall x1 |
| 36:09 | VENÓN | Miauricio · resign |
[ AI ANALYSIS · 1 CREDIT ]
What really happened in this match?
Wolo.gg analyzes every decision: build order, eco, micro, common mistakes by bracket. Personalized analysis on WhatsApp or Discord in 30 seconds.
Civ guide
Vikings
Perfil
Jugador #9449579